 Dungeon Crawl Stone Soup version 0.29.0-4-gdea44cf6ec (webtiles) character file.

Game seed: 18439046076083325308

33 qw the Chopper (level 3, -2/23 HPs)
             Began as a Gargoyle Fighter on Sept 10, 2022.
             Slain by Sigmund
             ... wielding a +0 scythe
              (4 damage)
             ... on level 2 of the Dungeon.
             The game lasted 00:00:23 (833 turns).

qw the Chopper (Gargoyle Fighter)                    Turns: 833, Time: 00:00:24

Health: -2/23      AC: 10    Str: 21    XL:     3   Next: 29%
Magic:  3/3        EV:  9    Int:  8    God:
Gold:   92         SH:  4    Dex:  9    Spells: 2/2 levels left

rFire   . . .      SeeInvis .   Y - +1 war axe (elec)
rCold   . . .      Faith    .   c - +0 buckler
rNeg    + . .      Spirit   .   b - +0 scale mail
rPois   inf        Reflect  .   (no helmet)
rElec   +          Harm     .   (no cloak)
rCorr   .          Rampage  .   (no gloves)
Will    +....                   (no boots)
Stlth   ..........              (no amulet)
HPRegen 0.07/turn               h - ring of willpower
MPRegen 0.08/turn               (no ring)

@: no status effects
A: sickness immunity, AC +3, negative energy resistance 1, electricity
resistance, torment resistance 1, petrification resistance
a: no special abilities


You were on level 2 of the Dungeon.
You visited 1 branch of the dungeon, and saw 2 of its levels.

You collected 92 gold pieces.


Innate Abilities, Weirdness & Mutations

You are immune to sickness and miasma.
Your stone body is resilient. (AC +3)
You are immune to poison.
You resist negative energy. (rN+)
You are resistant to electric shocks. (rElec)
You are resistant to unholy torment.
You are immune to petrification.


   Skills:
 - Level 3.2 Fighting
 + Level 3.3 Axes
 - Level 3.2 Armour
 - Level 3.2 Shields


You had 2 spell levels left.
You didn't know any spells.
Your spell library was empty.

Inventory:

Hand Weapons
 j - a +0 club
 Y - a +1 war axe of electrocution (weapon)
Armour
 a - a +0 pair of gloves
 b - a +0 scale mail (worn)
 c - a +0 buckler (worn)
Jewellery
 h - a ring of willpower (left hand)
Scrolls
 f - a scroll of teleportation {unknown}
 g - a scroll of fog {unknown}
 i - a scroll of enchant armour {unknown}
Potions
 d - a potion of might
 e - a potion of curing
 k - a potion of ambrosia {unknown}
 l - 2 potions of lignification

Dungeon Overview and Level Annotations

Branches:
Dungeon (2/15)

Altars:

Annotations:
D:2 Sigmund


Message History

There is an open door here.
A quokka comes into view.
The quokka twitches its whiskers.
You closely miss the quokka. The quokka bites you.
You block the quokka's attack.
You slash the quokka!
You kill the quokka!
You start resting.
HP restored.
Sigmund the Dreaded comes into view.
He is wielding a +0 scythe.
Found 7 gold pieces.
Found a stone staircase leading down.
Sigmund moves out of view.
You now have 92 gold pieces (gained 6).
Enter note:
821 ||| Stepping ~*~*~tactically~*~*~ (hiding).
You start waiting.
Sigmund is nearby!
Sigmund gestures wildly while chanting.
Sigmund flickers and vanishes!
Deactivating autopickup; reactivate with Ctrl-A.
You swing at nothing.
Something hits you but does no damage.
You swing at nothing.
Something hits you.
You swing at nothing.
Something hits you but does no damage.
You swing at nothing.
Something hits you!
You swing at nothing.
Something hits you but does no damage.
You swing at nothing.
You swing at nothing.
Something hits you!
You swing at nothing.
Something hits you but does no damage.
You swing at nothing.
Something hits you.
You swing at nothing.
Something hits you.
You die...

#.......... #.........
#+## #........
#...##.. ....## .
#......###....# ..
#.............#
...#......###....#.##
.....................$
............#@#.#.....
......%.....#.#.# ....
. #+####.....#.{.# ...
..##+#..'.....###.. ..
........#<......... >
........#....####...
........#......# ...
.....##.######.# ###
.#.#####.### #.#


There were no monsters in sight!

Vanquished Creatures
  A dart slug (D:2)
  3 bats
  4 endoplasms (D:1)
  4 giant cockroaches
  A goblin (D:1)
  5 hobgoblins
  2 kobolds (D:1)
  2 quokkas
  A frilled lizard (D:2)
  3 rats
26 creatures vanquished.

Notes
Turn   | Place    | Note
-------+----------+-------------------------------------------
     0 | D:1      | qw the Gargoyle Fighter began the quest for the Orb.
     0 | D:1      | Reached XP level 1. HP: 14/14 MP: 1/1
     0 | D:1      | 0 ||| qw: Version: 0.1-a-116-g5d60599
     0 | D:1      | 0 ||| qw: Game counter: 7472
     0 | D:1      | 0 ||| qw: Always use a shield: true
     0 | D:1      | 0 ||| qw: God list: Okawaru
     0 | D:1      | 0 ||| qw: Allow faded altars: false
     0 | D:1      | 0 ||| qw: Do Orc after D:15 true
     0 | D:1      | 0 ||| qw: Do second Lair branch before Depths: true
     0 | D:1      | 0 ||| qw: Lair rune preference: random
     0 | D:1      | 0 ||| qw: Plans: Normal, Zot, God:TSO, Crypt, Tomb, Zig,
                  | Orb
     0 | D:1      | 0 ||| PLANNING D:1-11
   158 | D:1      | Reached XP level 2. HP: 18/19 MP: 2/2
   300 | D:1      | 300 ||| Stepping ~*~*~tactically~*~*~ (stealth).
   318 | D:1      | Reached skill level 3 in Axes
   442 | D:1      | Reached XP level 3. HP: 23/23 MP: 3/3
   534 | D:1      | 534 ||| UPGRADING to ring of willpower.
   535 | D:1      | 535 ||| READING scroll labelled MUJ QOGGAMI.
   536 | D:1      | 536 ||| READING scroll labelled WOFEP SAAST.
   537 | D:1      | 537 ||| READING scroll labelled TAONKA JIPNYXA.
   538 | D:1      | 538 ||| DRINKING 2 bubbling brown potions.
   539 | D:1      | 539 ||| DRINKING 3 lumpy ruby potions.
   587 | D:2      | 587 ||| STAIRDANCE
   819 | D:2      | Noticed Sigmund
   821 | D:2      | 821 ||| Stepping ~*~*~tactically~*~*~ (hiding).
   832 | D:2      | HP: 2/23 [something (4)]
   833 | D:2      | Slain by Sigmund

Levels and vault maps discovered:
D:1:      lightli_arrival_windingriver, layout_rooms, serial_bayou_pond_b
D:2:      layout_basic, shapermc_ecumenical_altar_flowoftime, minmay_tall_x,
          uniq_sigmund

Skill      XL: |  1  2 |
---------------+-------+-----
Axes           | 2 3 |  3.3
Fighting       | |  3.2
Armour         | |  3.2
Shields        | |  3.2

Action                   || total
-------------------------++-------
Melee: War axe           ||    55
  Use: Scroll            ||     3
       Potion            ||     2
 Stab: Distracted        ||     1
Armor: Scale mail        ||    29
Dodge: Dodged            ||    20
Block: Buckler           ||     7

Table legend:
 A = Non-vault XP
 B = Vault XP
 C = Vault XP percentage of total XP
 D = Non-vault monster count
 E = Vault monster count
 F = Vault count percentage of total count
                 A         B        C        D         E       F
            +---------+---------+-------+---------+---------+-------
      Total |      26 |      22 |  45.8 |      15 |      11 |  42.3
            +---------+---------+-------+---------+---------+-------
        D:1 |      21 |      14 |  40.0 |      12 |       7 |  36.8
        D:2 |       5 |       8 |  61.5 |       3 |       4 |  57.1
            +---------+---------+-------+---------+---------+-------
